AoeStats
← 十大地方

African Clearing

510686173Analyzed
4v4 RM · 8h ago on Oct 2, 2026· 40m 11s· 8 players
Game mode
Random Map
Map size
Large (8 player)
Population
200
Speed
Normal
Resources
Standard
Victory
Conquest
Starting age
Dark Age
Ending age
Imperial Age
RankedLock teamsTeams togetherTeam positionsShared explorationLock speedFull tech treeHidden civsTurbo modeCheats
Victory
Defeat
🇨🇳 Spanish · China
1995
+1
🇲🇽 Bengalis · Mexico
1907
+2
🇨🇳 Gurjaras · China
1817
+3
🇺🇸 Berbers · United States
1753
+4
🇦🇷 Goths · Argentina
1501
-3
🇲🇽 Mapuche · Mexico
1471
-3
🇲🇽 Teutons · Mexico
1423
-2
🇦🇷 Tupi · Argentina
1421
-2
Ux'LobodeLaNieve
14:16 Feudal Age
18:15 Castle Age
16:16 Double-Bit Axe
16:44 Horse Collar
20:09 Bow Saw
22:25 Fletching
23:14 Loom
25:55 Bodkin Arrow
29:37 Wheelbarrow
28:49 Town Watch
30:42 Ballistics
30:39 Hand Cart
34:24 Imperial Age
33:09 Padded Archer Armor
34:01 Paiks
34:50 Leather Archer Armor
34:40 Husbandry
34:50 Bloodlines
35:19 Bracer
36:25 Chemistry
35:37 Elite Ratha (Ranged)
36:40 Conscription
37:48 Ring Archer Armor
37:24 Scale Barding Armor
37:29 Forging
38:39 Two-Man Saw
39:52 Spies/Treason
41:18 Iron Casting
41:04 Chain Barding Armor
tsoul
9:18 Loom
11:45 Feudal Age
12:19 Double-Bit Axe
15:55 Horse Collar
16:24 Scale Barding Armor
16:32 Forging
17:24 Bloodlines
17:26 Scale Barding Armor
23:19 Castle Age
21:42 Gold Mining
24:09 Husbandry
26:20 Chain Barding Armor
28:24 Bow Saw
30:29 Iron Casting
30:04 Stone Mining
31:26 Wheelbarrow
31:31 Fletching
32:37 Bodkin Arrow
33:09 Kasbah
33:12 Padded Archer Armor
34:37 Stone Shaft Mining
35:58 Leather Archer Armor
36:14 Heavy Plow
36:23 Thumb Ring
38:28 Gold Shaft Mining
40:26 Imperial Age
十大地方
11:54 Loom
14:03 Feudal Age
14:42 Double-Bit Axe
18:29 Castle Age
20:07 Bow Saw
23:39 Wheelbarrow
24:13 Horse Collar
26:36 Heavy Plow
27:28 Bloodlines
27:18 Husbandry
27:48 Fletching
28:41 Scale Barding Armor
30:09 Forging
31:18 Chain Barding Armor
32:07 Husbandry
32:18 Town Watch
32:59 Stone Mining
38:17 Imperial Age
36:36 Iron Casting
37:17 Gold Mining
38:12 Bodkin Arrow
39:20 Gold Shaft Mining
39:22 Stone Shaft Mining
39:36 Plate Barding Armor
39:59 Town Patrol
40:15 Hand Cart
39:46 Light Cavalry
39:47 Heavy Camel Rider
OX
13:32 Feudal Age
17:10 Castle Age
15:16 Double-Bit Axe
15:32 Horse Collar
18:24 Bow Saw
25:59 Wheelbarrow
29:27 Bloodlines
29:17 Husbandry
29:18 Padded Archer Armor
30:41 Leather Archer Armor
31:22 Loom
32:41 Heavy Plow
36:02 Imperial Age
36:02 Imperial Age
33:24 Gold Mining
33:24 Stone Mining
35:06 Hand Cart
37:09 Conscription
37:22 Ring Archer Armor
36:22 Elite Conquistador
36:37 Capped Ram
37:11 Cavalier
37:57 Scale Barding Armor
38:38 Paladin
39:49 Chain Barding Armor
39:12 Spies/Treason
EXILE | LauraHero
6:49 Loom
15:25 Feudal Age
20:00 Castle Age
18:57 Horse Collar
19:04 Double-Bit Axe
19:16 Gold Mining
27:50 Fletching
EXILE | Polag3K
6:05 Loom
11:35 Feudal Age
12:49 Double-Bit Axe
17:35 Scale Barding Armor
17:52 Town Watch
18:58 Forging
26:13 Castle Age
Ux'Marianop
4:00 Loom
13:46 Feudal Age
17:43 Castle Age
16:35 Fletching
17:37 Padded Archer Armor
17:39 Double-Bit Axe
20:22 Bodkin Arrow
22:22 Leather Archer Armor
23:29 Horse Collar
25:07 Ballistics
25:53 Bow Saw
35:18 Wheelbarrow
34:28 Town Watch
38:19 Imperial Age
EXILE | Alebrije
3:34 Loom
14:03 Feudal Age
17:35 Castle Age
15:31 Double-Bit Axe
16:11 Fletching
17:00 Horse Collar
17:21 Gold Mining
18:13 Bodkin Arrow
18:31 Bow Saw
20:34 Town Watch
24:25 Wheelbarrow
26:11 Padded Archer Armor
27:50 Bloodlines
27:40 Husbandry
32:43 Imperial Age
31:26 Hand Cart
32:26 Heavy Plow
32:23 Stone Mining
32:59 Hand Cart
32:28 Pikeman
33:08 Squires
33:09 Scale Mail Armor
33:01 Halberdier
34:14 Chain Mail Armor
36:04 Forging
Connection lost

Rejoining the realm…

Still unreachable

The connection could not be restored.

Session expired

The server has moved on; the page needs a fresh start.